 Dungeon Crawl Stone Soup version 0.31-a0-354-g827e0957a7 (webtiles) character file.

Game seed: 4883789783077619224

71325 PyroL the Earth Mage (level 14, -2/110 HPs)
             Began as a Demonspawn Necromancer on July 23, 2023.
             Was a High Priest of Kikubaaqudgha.
             Slain by a white ugly thing (11 damage)
             ... on level 14 of the Dungeon on July 24, 2023.
             The game lasted 01:13:16 (29980 turns).

PyroL the Earth Mage (Demonspawn Necromancer)      Turns: 29980, Time: 01:13:17

Health: -2/110     AC: 17    Str:  8    XL:     14   Next: 97%
Magic:  22/24      EV: 21    Int: 21    God:    Kikubaaqudgha [*****.]
Gold:   1767       SH:  6    Dex: 15    Spells: 8/27 levels left

rFire   . . .        p - +8 trident "Vuytsily" {venom, *Rage Dex+5}
rCold   . . .        C - +2 buckler {rPois}
rNeg    + + .        y - +4 robe of Lamaufoa {rElec rN++ rCorr Dex-5}
rPois   +            s - +0 helmet
rElec   +            l - +0 cloak
rCorr   +            Q - +1 pair of gloves
SInv    +            G - +2 pair of boots
Will    +....        Y - amulet of magic regeneration
Stlth   +++          d - ring of see invisible
HPRegen 0.38/turn    n - +5 ring of evasion
MPRegen 0.59/turn

%: random rage (20%)
@: animating dead
A: sharp scales 3, demonic magic 2, weakness stinger 2
a: Renounce Religion, Unearth Wretches, Torment


You were on level 14 of the Dungeon.
You worshipped Kikubaaqudgha.
Kikubaaqudgha was extremely pleased with you.
You visited 2 branches of the dungeon, and saw 19 of its levels.
You also visited: Volcano.

You collected 1767 gold pieces.

Inventory:

Hand Weapons
 i - a +2 dagger of pain
 p - the +8 trident "Vuytsily" (weapon) {venom, *Rage Dex+5}
   (You found it on level 2 of the Dungeon)

   Dex:       It affects your dexterity (+5).
   *Rage:     It berserks you when you make melee attacks (+20% chance).
 L - the +6 hammer of Bumpocuf {protect, Str-4 Int+3}
   (You found it on level 7 of the Dungeon)

   Str:       It affects your strength (-4).
   Int:       It affects your intelligence (+3).
Missiles
 t - 15 poisoned darts
 N - a throwing net
Armour
 l - a +0 cloak (worn)
 s - a +0 helmet (worn)
 y - the +4 robe of Lamaufoa (worn) {rElec rN++ rCorr Dex-5}
   (You found it on level 10 of the Dungeon)

   Dex:       It affects your dexterity (-5).
   rElec:     It insulates you from electricity.
   rN:        It greatly protects you from negative energy.
   rCorr:     It protects you from acid and corrosion.
 C - a +2 buckler of poison resistance (worn)
 G - a +2 pair of boots (worn)
 O - the +2 robe "Xeck" {Int+4}
   (You found it on level 8 of the Dungeon)

   Int:       It affects your intelligence (+4).
 Q - a +1 pair of gloves (worn)
 X - a +1 troll leather armour
Jewellery
 c - an amulet of guardian spirit
 d - a ring of see invisible (left hand)
 n - a +5 ring of evasion (right hand)
 z - a ring of protection from fire
 S - a ring of magical power
 U - a +6 ring of dexterity
 Y - an amulet of magic regeneration (around neck)
Wands
 a - a wand of iceblast (6)
 A - a wand of mindburst (17)
 E - a wand of acid (16)
 M - a wand of flame (51)
 V - a wand of polymorph (6)
Scrolls
 f - 2 scrolls of immolation
 g - 11 scrolls of noise
 j - 2 scrolls of fog
 k - 6 scrolls of teleportation
 m - 4 scrolls of fear
 u - 4 scrolls of blinking
 v - 3 scrolls of vulnerability {unknown}
 B - a scroll of revelation
 F - 2 scrolls of poison {unknown}
 J - 2 scrolls of amnesia {unknown}
 K - a scroll of enchant weapon {unknown}
 P - 2 scrolls of torment
 W - 2 scrolls of brand weapon {unknown}
Potions
 b - 2 potions of magic
 e - 2 potions of attraction
 h - 5 potions of curing
 o - 6 potions of might
 q - a potion of enlightenment {unknown}
 r - a potion of degeneration {unknown}
 w - a potion of haste
 x - a potion of resistance {unknown}
 D - 7 potions of ambrosia
 H - a potion of heal wounds
 I - 3 potions of invisibility
 T - a potion of berserk rage {unknown}
 Z - 4 potions of lignification
Miscellaneous
 R - a phial of floods


   Skills:
 - Level 10.1 Fighting
 + Level 7.0 Armour
 - Level 10.0 Dodging
 - Level 5.0 Stealth
 - Level 7.0 Spellcasting
 - Level 12.0 Necromancy
 - Level 15.6 Earth Magic


You had 8 spell levels left.
You knew the following spells:

 Your Spells              Type           Power      Damage    Failure   Level
a - Necrotise             Necr           100%       1d9       1%          1
b - Vampiric Draining     Necr           55%        2d9       1%          3
c - Animate Dead          Necr           55%        N/A       1%          4
d - Anguish               Hex/Necr       16%        N/A       12%         4
e - Borgnjor's Vile Clut  Necr/Erth      30%        N/A       1%          5
f - Blink                 Tloc           14%        N/A       22%         2

Your spell library contained the following spells:

 Spells                   Type           Power      Damage    Failure   Level
 Agony                    Necr           55%        N/A       2%          5
 Cigotuvi's Dreadful Rot  Necr/Pois/Air  48%        N/A       4%          2
 Foxfire                  Conj/Fire      28%        2x1d5     14%         1
 Shock                    Conj/Air       28%        1d4       14%         1
 Summon Small Mammal      Summ           28%        N/A       14%         1
 Call Canine Familiar     Summ           7%         N/A       38%         3
 Dazzling Flash           Conj/Hex       14%        N/A       38%         3
 Summon Guardian Golem    Hex/Summ       7%         N/A       38%         3
 Swiftness                Air            7%         N/A       38%         3
 Airstrike                Air            3%         2d(1-17)  80%         4
 Manifold Assault         Tloc           7%         N/A       80%         4
 Simulacrum               Ice/Necr       16%        N/A       88%         6
 Fireball                 Conj/Fire      3%         3d4       98%         5
 Iskenderun's Battlesphe  Conj           7%         2d6       98%         5
 Silence                  Hex/Air        3%         N/A       98%         5
 Conjure Ball Lightning   Conj/Air       3%         3x3d6     100%        6
 Plasma Beam              Fire/Air       3%         2x1d13    100%        6
 Starburst                Conj/Fire      3%         6d3       100%        6
 Orb of Destruction       Conj           3%         9d5       100%        7


Dungeon Overview and Level Annotations

Branches:
Dungeon (14/15)            Temple (0/1) D:6            Lair (5/5) D:8
  Swamp (0/4) Lair:3       Spider (0/4) Lair:2        Slime (0/5) Lair:4
    Orc (0/2) D:9         Volcano (visited)
 Vaults: D:13-14

Altars:
Fedhas
Gozag
Hepliaklqana
Kikubaaqudgha
Nemelex Xobeh
Trog
Xom
Yredelemnul

Shops:
D:11 :

Annotations:
D:4 2 transporters, hgbash's ghost, amateur SpSh
D:8 1 runed translucent door
D:13 exclusions: orc knight and orc warrior
Lair:1 2 runed translucent doors, zazu2006's ghost, journeyman GnWn


Innate Abilities, Weirdness & Mutations

You are completely covered in razor-sharp scales. (AC +3, Slay +3)
Spells you cast may paralyse nearby enemies.
You have a tail ending in a sharp stinger.


Message History

The purple ugly thing engulfs you but does no damage.
You puncture the purple ugly thing!
The purple ugly thing looks as sick as possible!
The purple ugly thing is almost dead.
The purple ugly thing basks in the mutagenic energy from its kin and changes!
The white ugly thing punches you but does no damage.
The purple ugly thing engulfs you but does no damage.
The white ugly thing misses you.
You puncture the purple ugly thing!
You kill the purple ugly thing!
Kikubaaqudgha accepts your kill.
The dead are walking!
The white ugly thing punches you. The white ugly thing freezes you!!
Your Armour skill increases to level 7!
You puncture the white ugly thing!
The white ugly thing is poisoned.
The white ugly thing is lightly wounded.
You block the white ugly thing's attack.
The white ugly thing misses you.
Your ugly thing zombie hits the white ugly thing!
You hit the white ugly thing.
The white ugly thing looks as sick as possible!
Your tail-slap misses the white ugly thing.
The white ugly thing is moderately wounded.
The white ugly thing completely misses you. x2
Your ugly thing zombie hits the white ugly thing.
The white ugly thing punches you! The white ugly thing freezes you!
* * * LOW HITPOINT WARNING * * *
The white ugly thing tentacle-slaps you!
* * * LOW HITPOINT WARNING * * *
The white ugly thing freezes you!!
* * * LOW HITPOINT WARNING * * *
You closely miss the white ugly thing.
Your tail-slap misses the white ugly thing.
The white ugly thing is heavily wounded.
You block the white ugly thing's attack.
The white ugly thing tentacle-slaps you but does no damage.
Your ugly thing zombie hits the white ugly thing.
The white ugly thing punches you!
You die...
Kikubaaqudgha rasps: "You have failed me!
Welcome... death!"

......[..........................
....u.uu.....##########..........
###########..##########..........
######...........[..........
.............................
##########............#######
#............# #..u.........#
#..@.........# #.u..........#
#Z...........####
..........).......
###########...##### #...#####
############........
....................
######..############


You could see 2 ugly things and a friendly ugly thing zombie.

Vanquished Creatures
  Nessos (Lair:5)
  Josephine (D:13)
  4 hydras
  5 centaur warriors
  2 boulder beetles
  8 death yaks
  4 two-headed ogres
  2 tengu warriors
  2 skeletal warriors (Volcano)
  A skyshark (Lair:3)
  A swamp dragon (Lair:5)
  3 anaconda skeletons (Volcano)
  6 ugly things
  2 manticores
  3 cyclopes
  2 black mambas
  6 gargoyles
  A torpor snail (D:8)
  2 rime drakes
  7 komodo dragons
  10 cane toads
  A tengu conjurer (D:14)
  3 polar bears
  5 trolls
  A queen bee (D:8)
  A wind drake (shapeshifter) (D:13)
  2 harpy skeletons (Volcano)
  The ghost of osoart the Changeling, an amateur MfSh of Hepliaklqana (D:5)
  14 blink frogs
  3 flying skulls (Volcano)
  3 slime creatures
  A vampire (D:14)
  40 yaks
  6 wraiths
  2 wyverns
  2 shadows
  2 alligator skeletons (Volcano)
  Eustachio (D:5)
  3 basilisks
  4 vampire mosquitoes
  3 steam dragons
  2 acid dragons
  7 water moccasins
  7 orc warriors
  8 ice beasts
  5 ogres
  2 sky beasts
  8 wolves
  3 centaurs
  A phantom (D:4)
  7 bullfrogs
  6 scorpions
  13 wights (D:8)
  33 killer bees
  3 spriggan skeletons (Volcano)
  7 electric eels
  3 howler monkeys (D:8)
  A gnoll bouda (D:8)
  3 hounds
  Crazy Yiuf (D:7)
  2 jellies (D:6)
  6 orc priests
  Ijyb (D:5)
  7 orc wizards
  5 iguanas
  A hell rat (Lair:2)
  2 bullfrog simulacra (D:5)
  4 centaur simulacra (D:10)
  2 scorpion simulacra (D:5)
  7 gnolls
  3 adders
  A shadow imp (D:6)
  7 white imps
  A howler monkey simulacrum (D:5)
  3 ufetubi (D:5)
  A worm (D:5)
  A dart slug (D:1)
  23 orcs
  5 ball pythons
  4 endoplasms
  5 giant cockroaches
  2 goblins
  4 hobgoblins
  5 kobolds
  4 quokkas
  3 bats
  A frilled lizard (D:1)
  3 rats
  A butterfly (D:8)
405 creatures vanquished.

Vanquished Creatures (collateral kills)
  A slime creature (D:12)
  A hydra (Lair:4)
  2 death yaks
  A two-headed ogre (D:12)
  Lodul (D:12)
  A skyshark (Lair:4)
  9 elephants (Lair:5)
  A black mamba (Lair:2)
  A rime drake (Lair:5)
  2 cane toads
  3 komodo dragons
  A meliai (Lair:2)
  A polar bear (Lair:4)
  A wraith (D:12)
  17 yaks
  2 basilisks (Lair:5)
  A steam dragon (Lair:5)
  A vampire mosquito (D:11)
  An acid dragon (Lair:5)
  A water moccasin (Lair:2)
  A swamp drake (Lair:5)
  2 ogres (D:12)
  A wolf (Lair:2)
  3 bullfrogs
  2 killer bees (Lair:2)
  An iguana (Lair:5)
  5 hell rats (Lair:2)
64 creatures vanquished.

Vanquished Creatures (others)
  A fire dragon (Lair:5)
  A hydra (D:13)
  A cane toad (Lair:4)
  4 death yak zombies
  A blink frog (Lair:5)
  3 yaks
  An ogre (D:12)
  3 blink frog zombies (Lair:5)
  3 yak zombies
  A bullfrog zombie (Lair:4)
  An iguana (Lair:5)
  A hell rat (Lair:2)
  5 ogre zombies (D:12)
  A naga skeleton (Volcano)
  A white imp (D:10)
  7 orc zombies
35 creatures vanquished.

Grand Total: 504 creatures vanquished

Notes
Turn   | Place    | Note
-------+----------+-------------------------------------------
     0 | D:1      | PyroL the Demonspawn Necromancer began the quest for the
                  | Orb.
     0 | D:1      | Reached XP level 1. HP: 13/13 MP: 3/3
   272 | D:1      | Gained mutation: You are partially covered in razor-sharp
                  | scales. (AC +1, Slay +1) [demonic ancestry]
   272 | D:1      | Reached XP level 2. HP: 19/19 MP: 3/5
   725 | D:1      | Found a faded altar of an unknown god.
  1047 | D:2      | You fall into a shaft and drop 1 floor!
  1185 | D:2      | Reached skill level 5 in Necromancy
  1185 | D:2      | Gained mutation: You have a small tail. [demonic ancestry]
  1185 | D:2      | Reached XP level 3. HP: 24/24 MP: 4/7
  1189 | D:2      | Learned a level 3 spell: Vampiric Draining
  1203 | D:2      | Identified the +8 trident "Vuytsily" {venom, *Rage Dex+5}
  1439 | D:3      | Found an opulent altar of Gozag.
  1965 | D:4      | Noticed hgbash's ghost (amateur SpSh)
  2114 | D:4      | Found a transporter.
  2114 | D:4      | Found a transporter.
  2219 | D:4      | Reached skill level 1 in Fighting
  2219 | D:4      | Gained mutation: You are mostly covered in razor-sharp
                  | scales. (AC +2, Slay +2) [demonic ancestry]
  2219 | D:4      | Reached XP level 4. HP: 19/32 MP: 8/8
  2334 | D:4      | Found a hazy altar of Hepliaklqana.
  2464 | D:4      | Noticed a black bear
  2687 | D:4      | Noticed a phantom
  2697 | D:4      | Gained mutation: Spells you cast may paralyse adjacent
                  | enemies. [demonic ancestry]
  2697 | D:4      | Reached XP level 5. HP: 30/39 MP: 9/9
  2700 | D:4      | Killed a phantom
  2902 | D:4      | Gained mutation: You are completely covered in razor-sharp
                  | scales. (AC +3, Slay +3) [demonic ancestry]
  2902 | D:4      | Reached XP level 6. HP: 49/49 MP: 10/10
  3063 | D:5      | Entered Level 5 of the Dungeon
  3084 | D:5      | Reached skill level 5 in Fighting
  3230 | D:5      | Found a runed translucent gate.
  3231 | D:5      | Found a runed translucent gate.
  3231 | D:5      | Found a runed translucent gate.
  3277 | D:5      | Noticed Ijyb
  3282 | D:5      | Killed Ijyb
  3283 | D:5      | Reached XP level 7. HP: 54/58 MP: 11/11
  3412 | D:5      | Noticed osoart's ghost (amateur MfSh)
  3582 | D:5      | Found a blossoming altar of Fedhas.
  3582 | D:5      | Found an ancient bone altar of Kikubaaqudgha.
  3582 | D:5      | Noticed Eustachio
  3601 | D:5      | Killed Eustachio
  3617 | D:5      | Became a worshipper of Kikubaaqudgha
  3846 | D:5      | Reached XP level 8. HP: 68/68 MP: 12/12
  3877 | D:5      | Killed osoart's ghost
  4304 | D:6      | Identified the +9 arbalest "Suuphux" {heavy, MP+9}
  4638 | D:6      | Found a staircase to the Ecumenical Temple.
  4660 | D:6      | Reached skill level 10 in Fighting
  4930 | D:6      | Reached * piety under Kikubaaqudgha
  4930 | D:6      | Received a gift from Kikubaaqudgha
  5461 | D:6      | Reached skill level 1 in Armour
  5824 | D:7      | Reached XP level 9. HP: 60/78 MP: 13/13
  6455 | D:7      | Found a runed translucent door.
  6456 | D:7      | Noticed Crazy Yiuf
  6465 | D:7      | Killed Crazy Yiuf
  6466 | D:7      | Identified the +6 hammer of Bumpocuf {protect, Str-4 Int+3}
  6611 | D:7      | Reached skill level 5 in Stealth
  7138 | D:7      | Reached skill level 5 in Armour
  7447 | D:7      | Reached XP level 10. HP: 50/85 MP: 14/14
  7839 | D:8      | Reached skill level 10 in Necromancy
  7892 | D:8      | Reached ** piety under Kikubaaqudgha
  8216 | D:8      | Found a staircase to the Lair.
  8365 | D:8      | Noticed a deep elf pyromancer
  8368 | D:8      | Noticed a brown ugly thing
  8369 | D:8      | Noticed a centaur warrior
  8369 | D:8      | Noticed a purple ugly thing
  8370 | D:8      | Noticed a purple ugly thing
  8473 | D:8      | Noticed a cyclops
  8475 | D:8      | Noticed a gargoyle
  8523 | D:8      | Learned a level 4 spell: Animate Dead
  8648 | D:8      | Found a runed translucent door.
  8650 | D:8      | Found a runed translucent door.
  9191 | D:8      | Identified the +2 robe "Xeck" {Int+4}
  9449 | D:9      | Found a staircase to the Orcish Mines.
  9489 | D:9      | Reached *** piety under Kikubaaqudgha
  9489 | D:9      | Received a gift from Kikubaaqudgha
  9886 | D:9      | Found a basalt altar of Yredelemnul.
  9888 | D:9      | Found a shimmering altar of Xom.
  9891 | D:9      | Noticed a two-headed ogre
  9973 | D:9      | Reached skill level 5 in Spellcasting
 10013 | D:9      | Killed a two-headed ogre
 10014 | D:9      | Gained mutation: Spells you cast may paralyse nearby
                  | enemies. [demonic ancestry]
 10014 | D:9      | Reached XP level 11. HP: 62/90 MP: 17/19
 10365 | D:9      | Found a bloodstained altar of Trog.
 10633 | D:10     | Entered Level 10 of the Dungeon
 10636 | D:10     | Noticed a two-headed ogre
 10894 | D:10     | Noticed a two-headed ogre
 10900 | D:10     | Killed a two-headed ogre
 10908 | D:10     | Identified the +4 robe of Lamaufoa {rElec rN++ rCorr Dex-5}
 11156 | D:10     | Killed a two-headed ogre
 11246 | D:10     | Learned a level 4 spell: Anguish
 11452 | D:10     | Reached skill level 5 in Dodging
 11871 | D:10     | Reached **** piety under Kikubaaqudgha
 11983 | D:11     | Noticed a two-headed ogre
 11992 | D:11     | Killed a two-headed ogre
 12026 | D:11     | Found Qaluc's Book Boutique.
 12129 | D:11     | Noticed a red ugly thing
 12347 | D:11     | Killed a red ugly thing
 12348 | D:11     | Gained mutation: You have a tail ending in a sharp stinger.
                  | [demonic ancestry]
 12348 | D:11     | Reached XP level 12. HP: 97/97 MP: 17/22
 12633 | Lair:1   | Entered Level 1 of the Lair of Beasts
 12872 | D:8      | Learned a level 5 spell: Borgnjor's Vile Clutch
 12890 | D:8      | Reached skill level 1 in Earth Magic
 13370 | Lair:1   | Found a large runed translucent door.
 13371 | Lair:1   | Found a large runed translucent door.
 13377 | Lair:1   | Noticed zazu2006's ghost (journeyman GnWn)
 13391 | Lair:1   | Reached skill level 2 in Earth Magic
 13647 | Lair:1   | Noticed a death yak
 13762 | Lair:1   | Noticed a death yak
 14720 | D:8      | Killed a death yak
 14730 | D:8      | Killed a death yak
 14731 | D:8      | Reached skill level 3 in Earth Magic
 15158 | Lair:1   | Reached skill level 4 in Earth Magic
 15489 | Lair:1   | Found a sparkling altar of Nemelex Xobeh.
 15732 | Lair:2   | Reached skill level 10 in Dodging
 15735 | Lair:2   | Noticed a four-headed hydra
 16374 | Lair:1   | Killed a four-headed hydra
 16375 | Lair:1   | Reached skill level 5 in Earth Magic
 16687 | Lair:2   | Reached skill level 6 in Earth Magic
 16999 | Lair:2   | Found a hole to the Spider Nest.
 17005 | Lair:2   | Reached skill level 7 in Earth Magic
 17009 | Lair:2   | Reached ***** piety under Kikubaaqudgha
 17929 | Lair:2   | Noticed an eight-headed hydra
 17944 | Lair:2   | Killed an eight-headed hydra
 17945 | Lair:2   | Reached skill level 8 in Earth Magic
 17945 | Lair:2   | Reached XP level 13. HP: 87/103 MP: 13/23
 19077 | Lair:3   | Found a staircase to the Swamp.
 19199 | Lair:3   | Reached skill level 9 in Earth Magic
 20567 | Lair:4   | Reached skill level 10 in Earth Magic
 20897 | Lair:4   | Learned a level 2 spell: Blink
 21075 | Lair:4   | Found a staircase to the Slime Pits.
 21114 | Lair:4   | Found a dark tunnel.
 21176 | Volcano  | Entered a volcano
 21372 | Volcano  | HP: 5/103 [skeletal warrior/+2 dire flail of flaming (1)]
 21376 | Volcano  | Reached skill level 11 in Earth Magic
 21384 | Volcano  | HP: 3/103 [flying skull (7)]
 22147 | Volcano  | Reached skill level 12 in Earth Magic
 23120 | Lair:5   | Entered Level 5 of the Lair of Beasts
 23357 | Lair:5   | Reached XP level 14. HP: 76/110 MP: 21/24
 23363 | Lair:5   | Reached skill level 13 in Earth Magic
 23431 | Lair:5   | Noticed Nessos
 24553 | Lair:4   | HP: 4/110 [death yak (12)]
 25101 | Lair:5   | Killed Nessos
 25242 | Lair:5   | Reached skill level 14 in Earth Magic
 26524 | D:11     | Upgraded the game from 0.31-a0-345-g1ebeae05c6 to
                  | 0.31-a0-354-g827e0957a7
 27067 | D:12     | Noticed Lodul
 27077 | D:12     | Killed Lodul
 27083 | D:12     | Reached skill level 15 in Earth Magic
 27372 | D:12     | Your ally Lodul died
 28433 | D:13     | Noticed Josephine
 28453 | D:13     | Killed Josephine
 29980 | D:14     | Slain by a white ugly thing

Illustrated notes

Levels and vault maps discovered:
D:1:      lightli_arrival_windingriver, layout_loops_ring,
          shapermc_ecumenical_altar_pompeii
D:2:      layout_rooms
D:3:      layout_loops_ring, nicolae_gozag_seed_capital,
          minmay_misc_feat_hallway
D:4:      minmay_bubble_buster, layout_loops_cross,
          mainiacjoe_overflow_alcove_2, gammafunk_ghost_gnarly_gnolls,
          mrwooster_statue_mirror
D:5:      layout_rooms, grunt_temple_overflow_growth_and_decay,
          gammafunk_ghost_icy, uniq_eustachio, uniq_ijyb
D:6:      layout_basic, minmay_temple_entry_slanted, chequers_big_river
D:7:      layout_basic, enter_bailey_2, wad_mini_maze, uniq_crazy_yiuf_cottage
D:8:      lemuel_insect_pit, layout_layer_cave, hellmonk_lair_entry_icy,
          minmay_tree_intersection, grunt_ministairs_14, minivault_12
D:9:      layout_irregular_city, mainiacjoe_overflow_catwalk,
          mainiacjoe_overflow_catwalk_spiral, minmay_orc_entry_temple_small
D:10:     layout_rooms, serial_ice, serial_ice_e, serial_ice_d, serial_ice_b,
          serial_ice_c, serial_ice_k, serial_ice_g, serial_ice_n, serial_ice_f,
          hangedman_abyss_or_decor_jellyfish_corner
D:11:     layout_rooms, serial_shops, nicolae_book_shop_shelving,
          wad_floor_pattern_1
D:12:     layout_stronghold, uniq_lodul
D:13:     layout_small_grid, grunt_vaults_entry_fortified,
          kennysheep_generic_room_7, uniq_josephine
D:14:     layout_long_grid, minivault_27, xom_teletrap_fun
Lair:1:   layout_layer_cave, ebering_ghost_disaster_area, basic_altar,
          special_room [special_room_bee], chequers_serial_rivers_micro_e
Lair:2:   layout_cellular_growth, hellmonk_spider_entry_not_the_bees,
          serial_bayou_pond_e
Lair:3:   layout_cave_pods, minmay_swamp_entry_swarm
Lair:4:   layout_hall_layers, slime_entry_1, nicolae_volcano_entry_hallway
Lair:5:   guppyfry_lair_end_dragon, layout_gridlike, wormcave, uniq_nessos

Skill      XL: |  1  2  3  4  5  6  7  8  9 10 11 12 13 14 |
---------------+-------------------------------------------+-----
Necromancy     | 5 8 12 | 12.0
Stealth        | 2 3 5 |  5.0
Fighting       | 1 2 4 6 8 10 | 10.1
Armour         | 2 5 7 |  7.0
Spellcasting   | 5 7 |  7.0
Dodging        | 8 10 | 10.0
Earth Magic    | 8 12 15 | 15.6

Action                     |  1- 3 |  4- 6 |  7- 9 | 10-12 | 13-15 || total
---------------------------+-------+-------+-------+-------+-------++-------
  Melee: Mace              |     4 |       |    13 |   244 |   438 ||   699
         Unarmed           |     1 |       |       |       |       ||     1
         Dagger            |     8 |    17 |       |       |       ||    25
         Trident           |     3 |    36 |   158 |   393 |   222 ||   812
         Tailslap          |     2 |     3 |    16 |   123 |   148 ||   292
         Punch             |       |       |     2 |     7 |    14 ||    23
   Fire: Arbalest          |       |       |    19 |       |       ||    19
  Throw: Dart              |       |       |       |     3 |       ||     3
   Cast: Necrotise         |    36 |       |       |    14 |    45 ||    95
         Animate Dead      |       |       |       |     6 |    12 ||    18
         Vampiric Draining |       |       |       |    14 |    71 ||    85
         Anguish           |       |       |       |    12 |    29 ||    41
         Borgnjor's Vile C |       |       |       |    10 |    36 ||    46
         Blink             |       |       |       |       |     1 ||     1
    Use: Scroll            |     2 |       |     2 |     9 |     9 ||    22
         Potion            |       |       |       |     1 |     2 ||     3
   Stab: Sleeping          |     1 |     2 |     9 |     8 |     8 ||    28
         Distracted        |       |     1 |     1 |     2 |     3 ||     7
         Paralysed         |       |       |       |    19 |    66 ||    85
 Armour: Robe              |       |     5 |    35 |   315 |   213 ||   568
         Leather armour    |       |       |       |       |   160 ||   160
  Dodge: Dodged            |    10 |    21 |   150 |  1018 |  1056 ||  2255
  Block: Buckler           |       |       |       |       |     3 ||     3

Table legend: (Time is in decaauts)
 A = Elapsed time spent in this place.
 B = Non-inter-level travel time spent in this place.
 C = Inter-level travel time spent in this place.
 D = Time resting spent in this place.
 E = Time spent auto-exploring this place.
 F = Levels seen in this place.
 G = Mean time per level.
                   A        B        C        D        E       F      G
               +--------+--------+--------+--------+--------+-----+--------+
         Total |  31346 |  30363 |    983 |  10236 |  14392 |  20 | 1567.3 |
       Dungeon |  18781 |  18103 |    678 |   5730 |   8771 |  14 | 1341.5 |
          Lair |  11340 |  11036 |    304 |   4056 |   5149 |   5 | 2268.0 |
       Volcano |   1223 |   1223 |      0 |    449 |    472 |   1 | 1223.0 |
               +--------+--------+--------+--------+--------+-----+--------+

Top non-repeatable levels by time:
     D:8: 3397 daAuts
  Lair:4: 2588 daAuts
     D:7: 2527 daAuts
  Lair:3: 2420 daAuts
  Lair:2: 2335 daAuts
  Lair:1: 2150 daAuts
    D:13: 1982 daAuts
  Lair:5: 1846 daAuts
     D:6: 1712 daAuts
     D:9: 1444 daAuts
    D:10: 1384 daAuts
 Volcano: 1223 daAuts
    D:12: 1167 daAuts
     D:4: 1003 daAuts
     D:5: 962 daAuts
